MLB
ARIZONA DIAMONDBACKS @ NEW YORK METS
08/28/2098
 
TOP OF THE 1ST
Arizona Diamondbacks batting - Pitching for New York Mets : RHP Stephen Straka
Pitching: RHP Stephen Straka
Batting: RHB Jesse Cavallaro 0-0: Ball
1-0: Foul Ball, location: 2F
1-1: Ball
2-1: Foul Ball, location: 2F
2-2: Ball
3-2: Base on Balls
Batting: SHB Jose Medina 0-0: Swinging Strike
Pickoff Throw to First - Error! E1
Jesse Cavallaro to second
0-1: Called Strike
0-2: Ball
1-2: Strikes out looking
Batting: LHB Mike Tinder 0-0: Ball
1-0: Fly out, F8 (Flyball, 8LXD, EV 108.8 MPH)
Runner from 2nd tags up, SAFE at 3rd, no throw by CF
Batting: LHB Mario Valdez 0-0: DOUBLE (Flyball, 7LD, EV 105.6 MPH)
Jesse Cavallaro scores
Batting: SHB Macario Castro 0-0: Ball
1-0: Foul Ball, location: 2F
1-1: Called Strike
1-2: Fly out, F7 (Flyball, 7, EV 91.3 MPH)
Top of the 1st over - 1 run, 1 hit, 1 error, 1 left on base; Arizona 1 - New York 0
BOTTOM OF THE 1ST
New York Mets batting - Pitching for Arizona Diamondbacks : LHP Kenny Bollinger
Pitching: LHP Kenny Bollinger
Batting: RHB Jose de la Rosa 0-0: Called Strike
0-1: Ground out 5-3 (Groundball, 5, EV 71.9 MPH)
Batting: RHB Ryan Taylor 0-0: Ball
1-0: Ball
2-0: Ball
3-0: Base on Balls
Batting: RHB Jeff Hestermann 0-0: Ball
1-0: Ball
2-0: Ball
3-0: Called Strike
3-1: DOUBLE (Line Drive, 78XD, EV 110.0 MPH)
Ryan Taylor to third
Runner from 3rd tries for Home, SAFE, throw by LF to home
Batting: SHB Curt Tolley 0-0: SINGLE (Line Drive, 78S, EV 92.5 MPH)
Jeff Hestermann to third
Batting: RHB Marty Krpan 0-0: Foul Ball, location: 3SF
0-1: Fly out, F8 (Flyball, 8RXD, EV 93.8 MPH)
Runner from 3rd tags up, SCORES, no throw by CF
Batting: LHB Mike Thompson 0-0: Ball
1-0: Foul Ball, location: 9LDF
1-1: Foul Ball, location: 7LDF
1-2: Ball
2-2: DOUBLE (Flyball, 89XD, EV 106.3 MPH)
Curt Tolley to third
Runner from 3rd tries for Home, SAFE, no throw by CF
Batting: RHB Frank Cambrelen 0-0: Foul Ball, location: 2F
0-1: Swinging Strike
0-2: Ball
1-2: Foul Ball, location: 5SF
1-2: Ground out 4-3 (Groundball, 4, EV 81.9 MPH)
Bottom of the 1st over - 3 runs, 3 hits, 0 errors, 1 left on base; Arizona 1 - New York 3
TOP OF THE 2ND
Arizona Diamondbacks batting - Pitching for New York Mets : RHP Stephen Straka
Batting: LHB Travis Lawlor 0-0: Ball
1-0: Fly out, F5 (Popup, 25F, EV 85.0 MPH)
Batting: RHB Gabe Bankole 0-0: Ball
1-0: Called Strike
1-1: Called Strike
1-2: Ground out 5-3 (Groundball, 56, EV 104.4 MPH)
Batting: RHB Shawn Lindsey 0-0: Ball
1-0: Ball
2-0: Ball
3-0: Called Strike
3-1: Fly out, F7 (Flyball, 7LD, EV 105.0 MPH)
Top of the 2nd over - 0 runs, 0 hits, 0 errors, 0 left on base; Arizona 1 - New York 3
BOTTOM OF THE 2ND
New York Mets batting - Pitching for Arizona Diamondbacks : LHP Kenny Bollinger
Batting: RHB Nate Morrison 0-0: Called Strike
0-1: Ground out U3 (Groundball, 13, EV 85.6 MPH)
Batting: RHB Cesar Oropeza 0-0: Ball
1-0: Ball
2-0: Ball
3-0: Base on Balls
Batting: RHB Jose de la Rosa 0-0: Ball
1-0: 2-RUN HOME RUN (Flyball, 9D, EV 103.8 MPH), Distance : 386 ft
Batting: RHB Ryan Taylor 0-0: Ground out 5-3 (Groundball, 56, EV 100.6 MPH)
Batting: RHB Jeff Hestermann 0-0: Ball
1-0: Swinging Strike
1-1: Foul Ball, location: 25F
1-2: Ball
2-2: Ball
3-2: Foul Ball, location: 25F
3-2: Foul Ball, location: 9LDF
3-2: Foul Ball, location: 3DF
3-2: Foul Ball, location: 3DF
3-2: Base on Balls
Batting: SHB Curt Tolley 0-0: Called Strike
0-1: Ball
1-1: Ball
2-1: Ball
3-1: Swinging Strike
3-2: Base on Balls
Jeff Hestermann to second
Batting: RHB Marty Krpan 0-0: Ball
1-0: DOUBLE (Line Drive, 9LM, EV 101.3 MPH)
Jeff Hestermann scores
Curt Tolley to third
Pitching: LHP Frank Ippolito
Batting: LHB Mike Thompson 0-0: Ball
1-0: Fly out, F8 (Flyball, 8RS, EV 88.8 MPH)
Bottom of the 2nd over - 3 runs, 2 hits, 0 errors, 2 left on base; Arizona 1 - New York 6
TOP OF THE 3RD
Arizona Diamondbacks batting - Pitching for New York Mets : RHP Stephen Straka
Batting: LHB Alex Castro 0-0: Foul Ball, location: 2F
0-1: Ball
1-1: Foul Ball, location: 2F
1-2: Strikes out swinging
Batting: RHB Jesse Cavallaro 0-0: Foul Ball, location: 9LMF
0-1: Ball
1-1: Ball
2-1: Ball
3-1: Fly out, F8 (Flyball, 8LD, EV 101.9 MPH)
Batting: SHB Jose Medina 0-0: Ball
1-0: Foul Ball, location: 23F
1-1: Ground out 5-3 (Groundball, 56, EV 83.8 MPH)
Top of the 3rd over - 0 runs, 0 hits, 0 errors, 0 left on base; Arizona 1 - New York 6
BOTTOM OF THE 3RD
New York Mets batting - Pitching for Arizona Diamondbacks : LHP Frank Ippolito
Batting: RHB Frank Cambrelen 0-0: Swinging Strike
0-1: Foul Ball, location: 5DF
0-2: Ball
1-2: Ball
2-2: Strikes out swinging
Batting: RHB Nate Morrison 0-0: Swinging Strike
0-1: Ball
1-1: Swinging Strike
1-2: Ball
2-2: Ball
3-2: Base on Balls
Batting: RHB Cesar Oropeza 0-0: Grounds into double play, 4-6-3 (Groundball, 4, EV 105.0 MPH)
Bottom of the 3rd over - 0 runs, 0 hits, 0 errors, 0 left on base; Arizona 1 - New York 6
TOP OF THE 4TH
Arizona Diamondbacks batting - Pitching for New York Mets : RHP Stephen Straka
Batting: LHB Mike Tinder 0-0: Ball
1-0: Fly out, F7 (Line Drive, 7LM, EV 93.1 MPH)
Batting: LHB Mario Valdez 0-0: Ball
1-0: Swinging Strike
1-1: Swinging Strike
1-2: Foul Ball, location: 2F
1-2: Strikes out swinging
Batting: SHB Macario Castro 0-0: Foul Ball, location: 5F
0-1: SINGLE (Groundball, 6MD, EV 100.0 MPH)
Batting: LHB Travis Lawlor 0-0: Ball
1-0: Foul Ball, location: 2F
1-1: Ball
2-1: Ball
3-1: Base on Balls
Macario Castro to second
Batting: RHB Gabe Bankole 0-0: Ball
1-0: Foul Ball, location: 2F
1-1: Ball
2-1: Ball
3-1: Swinging Strike
3-2: Strikes out swinging
Top of the 4th over - 0 runs, 1 hit, 0 errors, 2 left on base; Arizona 1 - New York 6
BOTTOM OF THE 4TH
New York Mets batting - Pitching for Arizona Diamondbacks : LHP Frank Ippolito
Batting: RHB Jose de la Rosa 0-0: Ball
1-0: Ball
2-0: Fly out, F9 (Flyball, 9, EV 96.9 MPH)
Batting: RHB Ryan Taylor 0-0: Ball
1-0: Ball
2-0: Called Strike
2-1: Ball
3-1: SOLO HOME RUN (Flyball, 78XD, EV 98.8 MPH), Distance : 407 ft
Batting: RHB Jeff Hestermann 0-0: Ball
1-0: SINGLE (Line Drive, 4MD, EV 106.3 MPH)
Batting: SHB Curt Tolley 0-0: Called Strike
0-1: Ball
1-1: Ball
2-1: Foul Ball, location: 2F
2-2: Foul Ball, location: 2RF
2-2: Foul Ball, location: 2F
2-2: Grounds into double play, 6-4-3 (Groundball, 6, EV 98.1 MPH)
Bottom of the 4th over - 1 run, 2 hits, 0 errors, 0 left on base; Arizona 1 - New York 7
TOP OF THE 5TH
Arizona Diamondbacks batting - Pitching for New York Mets : RHP Stephen Straka
Batting: RHB Shawn Lindsey 0-0: Foul Ball, location: 9LSF
0-1: Ball
1-1: Ball
2-1: Ground out 5-3 (Groundball, 56S, EV 65.6 MPH)
Batting: LHB Alex Castro 0-0: Called Strike
0-1: Foul Ball, location: 25FF
0-2: Ball
1-2: Ball
2-2: Strikes out swinging
Batting: RHB Jesse Cavallaro 0-0: Called Strike
0-1: Ball
1-1: Foul Ball, location: 2F
1-2: Ball
2-2: Fly out, F5 (Popup, 56S, EV 65.0 MPH)
Top of the 5th over - 0 runs, 0 hits, 0 errors, 0 left on base; Arizona 1 - New York 7
BOTTOM OF THE 5TH
New York Mets batting - Pitching for Arizona Diamondbacks : LHP Frank Ippolito
Batting: RHB Marty Krpan 0-0: Called Strike
0-1: Ball
1-1: Ball
2-1: Swinging Strike
2-2: Foul Ball, location: 5DF
2-2: Ball
3-2: Ground out 5-3 (Groundball, 56S, EV 81.3 MPH)
Batting: LHB Mike Thompson 0-0: Swinging Strike
0-1: Ball
1-1: Swinging Strike
1-2: Strikes out swinging
Batting: RHB Frank Cambrelen 0-0: Called Strike
0-1: Fly out, F4 (Popup, 3DF, EV 44.4 MPH)
Bottom of the 5th over - 0 runs, 0 hits, 0 errors, 0 left on base; Arizona 1 - New York 7
TOP OF THE 6TH
Arizona Diamondbacks batting - Pitching for New York Mets : RHP Stephen Straka
Batting: SHB Jose Medina 0-0: Ball
1-0: Ball
2-0: Ball
3-0: Base on Balls
Batting: LHB Mike Tinder 0-0: Reached on error, E6 (Groundball, 6, EV 108.1 MPH)
Jose Medina to second
Batting: LHB Mario Valdez 0-0: Foul Ball, location: 2F
0-1: Ball
1-1: Fly out, F8 (Flyball, 8RD, EV 74.4 MPH)
Batting: SHB Macario Castro 0-0: Foul Ball, location: 7LSF
0-1: Foul Ball, location: 2F
0-2: Ball
1-2: Fly out, F7 (Flyball, 7LD, EV 105.0 MPH)
Runner from 2nd tags up, SAFE at 3rd, no throw by LF
Batting: LHB Travis Lawlor 0-0: Ball
1-0: DOUBLE (Line Drive, 9LD, EV 111.3 MPH)
Jose Medina scores
Mike Tinder to third
Batting: RHB Gabe Bankole 0-0: Called Strike
0-1: Ball
1-1: Ball
2-1: Foul Ball, location: 9LSF
2-2: Ball
3-2: Base on Balls
Batting: RHB Shawn Lindsey 0-0: Called Strike
0-1: Foul Ball, location: 3F
0-2: Ball
1-2: Strikes out swinging
Top of the 6th over - 1 run, 1 hit, 1 error, 3 left on base; Arizona 2 - New York 7
BOTTOM OF THE 6TH
New York Mets batting - Pitching for Arizona Diamondbacks : LHP Frank Ippolito
Pitching: LHP Nehemiah Tatum
Batting: RHB Nate Morrison 0-0: Ball
1-0: Ball
2-0: Foul Ball, location: 7LMF
2-1: Ball
3-1: Foul Ball, location: 9LDF
3-2: SINGLE (Groundball, 34D, EV 99.4 MPH)
Batting: RHB Cesar Oropeza 0-0: Ball
1-0: Called Strike
1-1: Ball
2-1: Foul Ball, location: 3SF
2-2: Grounds into double play, 6-4-3 (Groundball, 6M, EV 81.3 MPH)
Batting: RHB Jose de la Rosa 0-0: Called Strike
0-1: Ball
1-1: Called Strike
1-2: Ball
2-2: Foul Ball, location: 5F
2-2: Fly out, F3 (Popup, 3F, EV 58.1 MPH)
Bottom of the 6th over - 0 runs, 1 hit, 0 errors, 0 left on base; Arizona 2 - New York 7
TOP OF THE 7TH
Arizona Diamondbacks batting - Pitching for New York Mets : RHP Stephen Straka
Pitching: RHP Dan Herzog
Batting: LHB Alex Castro 0-0: Called Strike
0-1: Called Strike
0-2: Foul Ball, location: 2F
0-2: Ball
1-2: Ball
2-2: Ball
3-2: Foul Ball, location: 2F
3-2: SINGLE (Groundball, 4MD, EV 102.5 MPH)
Batting: RHB Jesse Cavallaro 0-0: Ball
1-0: Called Strike
1-1: Foul Ball, location: 7LDF
1-2: Strikes out swinging
Batting: SHB Jose Medina 0-0: Foul Ball, location: 2F
0-1: Foul Ball, location: 2F
0-2: Ball
1-2: Fly out, F8 (Flyball, 78D, EV 106.9 MPH)
Batting: LHB Mike Tinder 0-0: Ball
1-0: Fly out, F8 (Flyball, 8LXD, EV 107.5 MPH)
Top of the 7th over - 0 runs, 1 hit, 0 errors, 1 left on base; Arizona 2 - New York 7
BOTTOM OF THE 7TH
New York Mets batting - Pitching for Arizona Diamondbacks : LHP Nehemiah Tatum
Batting: RHB Ryan Taylor 0-0: Ball
1-0: Called Strike
1-1: Swinging Strike
1-2: Ball
2-2: SINGLE (Line Drive, 9S, EV 104.4 MPH)
Batting: RHB Jeff Hestermann 0-0: Swinging Strike
0-1: Swinging Strike
0-2: Fly out, F9 (Flyball, 9LM, EV 99.4 MPH)
Batting: SHB Curt Tolley 0-0: Ball
1-0: Fly out, F9 (Flyball, 89S, EV 80.6 MPH)
Pitching: RHP Derek Savard
Batting: RHB Marty Krpan 0-0: Ball
1-0: Foul Ball, location: 2F
1-1: Ball
2-1: Foul Ball, location: 9LMF
2-2: Ground out 6-3 (Groundball, 6S, EV 85.6 MPH)
Bottom of the 7th over - 0 runs, 1 hit, 0 errors, 1 left on base; Arizona 2 - New York 7
TOP OF THE 8TH
Arizona Diamondbacks batting - Pitching for New York Mets : RHP Dan Herzog
Batting: LHB Mario Valdez 0-0: Ball
1-0: Fly out, F6 (Line Drive, 6, EV 62.5 MPH)
Batting: SHB Macario Castro 0-0: Ball
1-0: Ball
2-0: Fly out, F6 (Popup, 6S, EV 77.5 MPH)
Batting: LHB Travis Lawlor 0-0: Foul Ball, location: 5F
0-1: Ball
1-1: Ball
2-1: Ground out 4-3 (Groundball, 4S, EV 70.6 MPH)
Top of the 8th over - 0 runs, 0 hits, 0 errors, 0 left on base; Arizona 2 - New York 7
BOTTOM OF THE 8TH
New York Mets batting - Pitching for Arizona Diamondbacks : RHP Derek Savard
Batting: LHB Mike Thompson 0-0: SINGLE (Groundball, 4MD, EV 98.8 MPH)
Batting: RHB Frank Cambrelen 0-0: Ball
1-0: Ball
2-0: Ball
3-0: Base on Balls
Mike Thompson to second
Batting: RHB Nate Morrison 0-0: Called Strike
0-1: Ball
1-1: Ball
2-1: Foul Ball, location: 2F
2-2: Foul Ball, location: 9LDF
2-2: TRIPLE (Line Drive, 78XD, EV 91.9 MPH)
Mike Thompson scores
Frank Cambrelen scores
Pitching: LHP Chris Schoch
Batting: RHB Cesar Oropeza 0-0: Ball
1-0: Called Strike
1-1: Fly out, F9 (Flyball, 9D, EV 99.4 MPH)
Runner from 3rd tags up, SCORES, throw by RF
Batting: RHB Jose de la Rosa 0-0: Ball
1-0: Called Strike
1-1: Ball
2-1: Ball
3-1: SINGLE (Line Drive, 56D, EV 98.8 MPH)
Batting: RHB Ryan Taylor 0-0: Ball
1-0: Called Strike
1-1: Called Strike
1-2: Fly out, F4 (Popup, 4, EV 69.4 MPH)
Batting: RHB Jeff Hestermann 0-0: Ball
1-0: Ball
2-0: Foul Ball, location: 25F
2-1: Called Strike
2-2: Foul Ball, location: 2F
2-2: Strikes out looking
Bottom of the 8th over - 3 runs, 3 hits, 0 errors, 1 left on base; Arizona 2 - New York 10
TOP OF THE 9TH
Arizona Diamondbacks batting - Pitching for New York Mets : RHP Dan Herzog
Batting: RHB Gabe Bankole 0-0: Ball
1-0: Ball
2-0: Called Strike
2-1: Ground out 6-3 (Groundball, 6MS, EV 71.9 MPH)
Pinch Hitting: LHB Tim Cooke 0-0: Ball
1-0: DOUBLE (Groundball, 5L, EV 106.9 MPH)
Pitching: RHP Danny Irizarry
Batting: LHB Alex Castro 0-0: Foul Ball, location: 25F
0-1: Ball
1-1: Ground out 1-3 (Groundball, 34S, EV 71.9 MPH)
Batting: RHB Jesse Cavallaro 0-0: Called Strike
0-1: Ball
1-1: Called Strike
1-2: Ball
2-2: Foul Ball, location: 2F
2-2: Ball
3-2: Foul Ball, location: 9LDF
3-2: Base on Balls
Batting: SHB Jose Medina 0-0: Fly out, F7 (Flyball, 78M, EV 86.3 MPH)
Top of the 9th over - 0 runs, 1 hit, 0 errors, 2 left on base; Arizona 2 - New York 10
Sunday, April 14th , 2024 - OOTP Baseball 24.11 Build 85